Ducks vs Canucks

Created - 8 octobre 2017 at 17:19

Goals
1 2 3 T
Ducks 2 0 0 2
Canucks 1 0 0 1
Shots
1 2 3 T
Ducks 23 10 5 38
Canucks 7 6 18 31

1st period

1. Ducks , Erik Johnson 1 (Ryan OReilly 1, Blake Comeau 2) at 5:47
2. Canucks , Matt Duchene 2 (Ryan Strome 1, Erik Karlsson 2) at 10:25
3. Ducks , Chris Kunitz 1 (Travis Hamonic 1, Brandon Dubinsky 1) at 16:01

Penalties :
Adam Henrique (VAN) for Diving (Minor) at 1:28, Michael Matheson (VAN) for Roughing (Minor) at 12:42, Logan Shaw (VAN) for Hooking (Minor) at 19:01

2nd period

No Goal

Penalties :
Alex Pietrangelo (VAN) for Roughing (Minor) at 14:12, Chris Kreider (VAN) for Tripping (Minor) at 19:23

3rd period

No Goal

Penalties :
Wayne Simmonds (ANA) for Holding (Minor) at 5:25, Wayne Simmonds (ANA) for Tripping (Minor) at 10:12, Kris Letang (ANA) for Roughing (Minor) at 13:34, Travis Hamonic (ANA) for Slashing (Minor) at 16:31

Goalie Stats

Craig Anderson (ANA), 30 saves from 31 shots - (0.968), W, 2-1-0, 60:00 minutes
Henrik Lundqvist (VAN), 36 saves from 38 shots - (0.947), L, 1-1-0, 59:25 minutes

Players Stats for Ducks

Player Name              G  A  P  +/- PIM S  H  SB GA TA FO     MP     PP MP  PK MP  
------------------------------------------------------------------------------------
Ben Smith                0  0  0   1  0   0  0  0  0  0  1/2    13:19   0:00   0:00 
Blake Comeau             0  1  1   1  0   2  1  0  0  0  0/1    18:18   4:13   0:24 
Boone Jenner             0  0  0   1  0   5  0  0  0  0  0/0    17:54   4:13   0:00 
Brandon Dubinsky         0  1  1   1  0   3  1  0  0  0  9/14   15:34   0:00   2:15 
Chris Kunitz             1  0  1   1  0   5  1  0  0  0  1/2    13:47   0:00   0:28 
Colton Parayko           0  0  0   0  0   1  1  1  0  0  0/0    24:27   5:38   3:26 
Erik Johnson             1  0  1   0  0   4  3  2  0  0  0/0    21:31   4:17   4:30 
Kris Letang              0  0  0   0  2   1  2  1  0  0  0/0    23:22   5:38   2:22 
Mark Scheifele           0  0  0  -1  0   4  0  0  0  0  14/32  26:06   5:40   5:17 
Matt Hunwick             0  0  0   1  0   1  3  0  0  0  0/0    14:02   0:00   0:00 
Nick Ritchie             0  0  0   0  0   0  0  0  0  0  1/1     0:02   0:02   0:00 
Nikita Zaitsev           0  0  0   0  0   0  0  2  0  0  0/0    21:51   4:17   4:50 
Patrick Marleau          0  0  0  -1  0   4  1  1  0  0  0/0    22:27   5:42   5:13 
Ryan OReilly             0  1  1   1  0   2  1  0  0  0  17/25  20:09   4:13   2:15 
Sam Bennett              0  0  0   0  0   0  0  0  0  0  0/0     3:37   0:00   0:00 
Travis Hamonic           0  1  1   1  2   1  1  1  0  0  0/0    14:45   0:00   0:44 
Valtteri Filppula        0  0  0   0  0   0  0  0  0  0  0/2     3:37   0:00   0:00 
Wayne Simmonds           0  0  0  -1  4   5  4  0  0  0  1/5    17:12   5:42   0:00 

Players Stats for Canucks

Player Name              G  A  P  +/- PIM S  H  SB GA TA FO     MP     PP MP  PK MP  
------------------------------------------------------------------------------------
Adam Henrique            0  0  0  -1  2   3  1  1  0  0  10/19  16:51   3:50   2:31 
Alex Pietrangelo         0  0  0  -2  2   2  0  2  0  0  0/0    21:36   3:40   4:45 
Anthony Beauvillier      0  0  0  -1  0   1  2  0  0  0  0/0    10:36   0:00   0:05 
Brayden Point            0  0  0   0  0   2  0  0  0  0  1/9     9:35   0:00   1:09 
Chris Kreider            0  0  0   0  2   1  4  0  0  0  0/0    11:45   0:00   0:00 
Cody Ceci                0  0  0  -2  0   0  0  0  0  0  0/0    19:42   3:27   4:07 
Erik Karlsson            0  1  1   1  0   2  0  0  0  0  0/0    25:48   4:29   5:53 
Evander Kane             0  0  0   0  0   5  1  0  0  0  2/3    18:56   4:06   3:24 
Evgeny Kuznetsov         0  0  0   0  0   1  1  3  0  0  11/20  20:56   3:50   6:29 
Jonathan Marchessault    0  0  0   0  0   1  0  0  0  0  0/1    15:32   4:06   0:00 
Logan Shaw               0  0  0   0  2   0  0  0  0  0  0/0     8:25   0:00   0:00 
Marcus Kruger            0  0  0   0  0   2  2  0  0  0  1/1     9:18   0:52   0:00 
Matt Duchene             1  0  1   0  0   4  0  0  0  0  15/30  21:59   3:12   6:12 
Mattias Ekholm           0  0  0   1  0   2  3  2  0  0  0/0    22:16   3:27   4:27 
Michael Matheson         0  0  0   0  2   2  2  1  0  0  0/0    15:23   0:49   0:00 
Nathan Beaulieu          0  0  0   0  0   0  0  0  0  0  0/0    15:13   0:00   0:38 
Ryan Strome              0  1  1   0  0   2  1  0  0  0  0/1    15:02   3:16   0:00 
William Karlsson         0  0  0  -1  0   1  0  0  0  0  0/0    11:07   0:36   0:00 

3 Stars

1 - Craig Anderson (ANA)
2 - Henrik Lundqvist (VAN)
3 - Erik Johnson (ANA)

Power Play

Ducks - 0 on 5 Attempt(s) - 0.00%
Canucks - 0 on 4 Attempt(s) - 0.00%

Penalty Kill

Ducks - 4 on 4 Attempt(s) - 100.00% - Score 0 goal in Penalty Kill
Canucks - 5 on 5 Attempt(s) - 100.00% - Score 0 goal in Penalty Kill

Team Stat

Ducks - Hits : 19 - Faceoff Wins : 44 - Blocked Shots : 8 - Penalty Minutes : 8
Canucks - Hits : 17 - Faceoff Wins : 40 - Blocked Shots : 9 - Penalty Minutes : 10

Official

Referees : TJ Luxmore and Garrett Rank
Linesman : Darren Gibbs and Mark Shewchyk

Game Notes

No Game Note

Finance

Level 1 -- Attendance: 6500 (100.00%) -- Ticket Income 585 000 $
Level 2 -- Attendance: 5000 (100.00%) -- Ticket Income 350 000 $
Level 3 -- Attendance: 2995 (85.57%) -- Ticket Income 140 765 $
Level 4 -- Attendance: 2784 (95.67%) -- Ticket Income 69 600 $
Luxury Box -- Attendance: 659 (65.90%) -- Ticket Income 164 750 $
Game was played at the Rogers Arena.
Total Attendance: 17938 (94.86%)
Total Ticket Income: 1 310 115 $
Other Income: 196 517 $
Total Income: 1 506 632 $

% Time on Ice - Ducks

Lines # - Real PCT - Wanted PCT - Time Play
Normal Forward
1 - 27% - 40% - 11:07
2 - 33% - 30% - 13:41
3 - 32% - 20% - 13:19
4 - 9% - 10% - 3:37
Normal Defense
1 - 34% - 40% - 14:23
2 - 31% - 30% - 12:44
3 - 34% - 20% - 14:02
4 - 1% - 10% - 0:35
PP Forward
1 - 57% - 60% - 5:42
2 - 43% - 40% - 4:13
PP Defense
1 - 57% - 60% - 5:38
2 - 43% - 40% - 4:17
PK Forward
1 - 72% - 60% - 5:41
2 - 28% - 40% - 2:15
PK Defense
1 - 43% - 60% - 3:26
2 - 57% - 40% - 4:30
PK3 Forward
1 - 0% - 60%
2 - 0% - 40%
PK3 Defense
1 - 0% - 60%
2 - 0% - 40%
44 Forward
1 - 0% - 60%
2 - 0% - 40%
44 Defense
1 - 0% - 60%
2 - 0% - 40%
Last Minute Offensive  - 0:00
Last Minute Defensive  - 0:25
Total
Forward - 60:00
Defense - 60:00

% Time on Ice - Canucks

Lines # - Real PCT - Wanted PCT - Time Play
Normal Forward
1 - 26% - 36% - 10:37
2 - 28% - 30% - 11:46
3 - 25% - 24% - 10:31
4 - 20% - 10% - 8:26
Normal Defense
1 - 35% - 40% - 14:22
2 - 29% - 35% - 12:08
3 - 35% - 25% - 14:35
4 - 1% - 0% - 0:15
PP Forward
1 - 52% - 60% - 4:06
2 - 48% - 40% - 3:50
PP Defense
1 - 57% - 60% - 4:29
2 - 43% - 40% - 3:27
PK Forward
1 - 66% - 60% - 6:31
2 - 34% - 40% - 3:24
PK Defense
1 - 59% - 60% - 5:53
2 - 41% - 40% - 4:02
PK3 Forward
1 - 0% - 60%
2 - 0% - 40%
PK3 Defense
1 - 0% - 60%
2 - 0% - 40%
44 Forward
1 - 0% - 60%
2 - 0% - 40%
44 Defense
1 - 0% - 60%
2 - 0% - 40%
Last Minute Offensive  - 0:49
Last Minute Defensive  - 0:00
Total
Forward - 60:00
Defense - 60:00

Play by Play

1st period


0:01 of 1st period - Mark Scheifele wins face-off versus Evgeny Kuznetsov in neutral zone.
0:38 of 1st period - Shot by Evgeny Kuznetsov.
0:38 of 1st period - Stopped by Craig Anderson with a rebound.
0:41 of 1st period - Icing by Kris Letang.
0:42 of 1st period - Mark Scheifele wins face-off versus Matt Duchene in Ducks zone.
0:42 of 1st period - Mark Scheifele is hit by Chris Kreider.
1:00 of 1st period - Icing by Cody Ceci.
1:01 of 1st period - Ryan OReilly wins face-off versus Matt Duchene in Canucks zone.
1:24 of 1st period - Shot by Matt Duchene.
1:24 of 1st period - Stopped by Craig Anderson without a rebound.
1:25 of 1st period - Adam Henrique wins face-off versus Ben Smith in Ducks zone.
1:25 of 1st period - Adam Henrique is hit by Travis Hamonic.
1:28 of 1st period - Minor Penalty to Adam Henrique for Diving.
1:29 of 1st period - Mark Scheifele wins face-off versus Matt Duchene in Canucks zone.
1:46 of 1st period - Shot by Wayne Simmonds.
1:46 of 1st period - Stopped by Henrik Lundqvist without a rebound.
1:47 of 1st period - Ryan OReilly wins face-off versus Brayden Point in Canucks zone.
3:41 of 1st period - Off-side.
3:42 of 1st period - Brandon Dubinsky wins face-off versus Brayden Point in neutral zone.
3:45 of 1st period - Shot by Chris Kunitz.
3:45 of 1st period - Stopped by Henrik Lundqvist without a rebound.
3:46 of 1st period - Brandon Dubinsky wins face-off versus Adam Henrique in Canucks zone.
3:53 of 1st period - Shot by Chris Kunitz.
3:53 of 1st period - Shot Misses the Net.
4:05 of 1st period - Shot by Adam Henrique.
4:05 of 1st period - Shot Misses the Net.
4:19 of 1st period - Shot by William Karlsson.
4:19 of 1st period - Stopped by Craig Anderson without a rebound.
4:20 of 1st period - Ryan OReilly wins face-off versus Evgeny Kuznetsov in Ducks zone.
4:25 of 1st period - Shot by Blake Comeau.
4:25 of 1st period - Deflect By Boone Jenner.
4:25 of 1st period - Shot Misses the Net.
4:27 of 1st period - Shot by Boone Jenner.
4:27 of 1st period - Stopped by Henrik Lundqvist without a rebound.
4:28 of 1st period - Mark Scheifele wins face-off versus Jonathan Marchessault in Canucks zone.
4:29 of 1st period - Shot by Wayne Simmonds.
4:29 of 1st period - Stopped by Henrik Lundqvist with a rebound.
5:02 of 1st period - Patrick Marleau is hit by Mattias Ekholm and loses puck.
5:39 of 1st period - Shot by Boone Jenner.
5:39 of 1st period - Shot Blocked by Alex Pietrangelo.
5:41 of 1st period - Shot by Erik Johnson.
5:41 of 1st period - Shot Misses the Net.
5:45 of 1st period - Shot by Ryan OReilly.
5:45 of 1st period - Shot Misses the Net.
5:47 of 1st period - Shot by Erik Johnson.
5:47 of 1st period - Goal by Erik Johnson - Ducks : 1 - Canucks : 0.
5:48 of 1st period - Brandon Dubinsky wins face-off versus Adam Henrique in neutral zone.
5:55 of 1st period - Shot by Brandon Dubinsky.
5:55 of 1st period - Stopped by Henrik Lundqvist without a rebound.
5:56 of 1st period - Ben Smith wins face-off versus Brayden Point in Canucks zone.
6:42 of 1st period - Icing by Matt Hunwick.
6:43 of 1st period - Brandon Dubinsky wins face-off versus Matt Duchene in Ducks zone.
7:10 of 1st period - Shot by Ryan Strome.
7:10 of 1st period - Stopped by Craig Anderson with a rebound.
7:22 of 1st period - Shot by Patrick Marleau.
7:22 of 1st period - Stopped by Henrik Lundqvist without a rebound.
7:23 of 1st period - Ryan OReilly wins face-off versus Evgeny Kuznetsov in Canucks zone.
7:24 of 1st period - Shot by Blake Comeau.
7:24 of 1st period - Stopped by Henrik Lundqvist with a rebound.
7:48 of 1st period - Shot by Ryan OReilly.
7:48 of 1st period - Shot Misses the Net.
7:50 of 1st period - Shot by Blake Comeau.
7:50 of 1st period - Deflect By Boone Jenner.
7:50 of 1st period - Shot Misses the Net.
7:52 of 1st period - Shot by Ryan OReilly.
7:52 of 1st period - Shot Misses the Net.
7:56 of 1st period - Shot by Ryan OReilly.
7:56 of 1st period - Deflect By Boone Jenner.
7:56 of 1st period - Shot Misses the Net.
7:58 of 1st period - Shot by Erik Johnson.
7:58 of 1st period - Stopped by Henrik Lundqvist with a rebound.
8:28 of 1st period - Shot by Adam Henrique.
8:28 of 1st period - Stopped by Craig Anderson without a rebound.
8:29 of 1st period - Mark Scheifele wins face-off versus Brayden Point in Ducks zone.
8:52 of 1st period - Shot by Marcus Kruger.
8:52 of 1st period - Stopped by Craig Anderson without a rebound.
8:53 of 1st period - Brandon Dubinsky wins face-off versus Adam Henrique in Ducks zone.
9:11 of 1st period - Ben Smith is hit by Michael Matheson and loses puck.
9:19 of 1st period - Brandon Dubinsky is hit by Michael Matheson and loses puck.
9:24 of 1st period - Shot by Chris Kunitz.
9:24 of 1st period - Stopped by Henrik Lundqvist with a rebound.
9:26 of 1st period - Shot by Brandon Dubinsky.
9:26 of 1st period - Stopped by Henrik Lundqvist with a rebound.
9:49 of 1st period - Off-side.
9:50 of 1st period - Mark Scheifele wins face-off versus Evgeny Kuznetsov in neutral zone.
9:53 of 1st period - Shot by Patrick Marleau.
9:53 of 1st period - Stopped by Henrik Lundqvist without a rebound.
9:54 of 1st period - Matt Duchene wins face-off versus Mark Scheifele in Canucks zone.
10:15 of 1st period - Shot by Chris Kreider.
10:15 of 1st period - Shot Misses the Net.
10:21 of 1st period - Shot by Ryan Strome.
10:21 of 1st period - Shot Misses the Net.
10:23 of 1st period - Shot by Matt Duchene.
10:23 of 1st period - Shot Blocked by Nikita Zaitsev.
10:25 of 1st period - Shot by Matt Duchene.
10:25 of 1st period - Goal by Matt Duchene - Ducks : 1 - Canucks : 1.
10:26 of 1st period - Ryan OReilly wins face-off versus Evgeny Kuznetsov in neutral zone.
10:29 of 1st period - Cody Ceci is hit by Blake Comeau and loses puck.
10:58 of 1st period - Shot by Boone Jenner.
10:58 of 1st period - Shot Misses the Net.
11:00 of 1st period - Shot by Boone Jenner.
11:00 of 1st period - Stopped by Henrik Lundqvist without a rebound.
11:01 of 1st period - Mark Scheifele wins face-off versus Adam Henrique in Canucks zone.
11:02 of 1st period - Shot by Wayne Simmonds.
11:02 of 1st period - Shot Blocked by Mattias Ekholm.
12:42 of 1st period - Minor Penalty to Michael Matheson for Roughing.
12:43 of 1st period - Ryan OReilly wins face-off versus Brayden Point in Canucks zone.
13:01 of 1st period - Shot by Blake Comeau.
13:01 of 1st period - Stopped by Henrik Lundqvist without a rebound.
13:02 of 1st period - Evgeny Kuznetsov wins face-off versus Mark Scheifele in Canucks zone.
13:17 of 1st period - Shot by Wayne Simmonds.
13:17 of 1st period - Stopped by Henrik Lundqvist without a rebound.
13:18 of 1st period - Ryan OReilly wins face-off versus Matt Duchene in Canucks zone.
13:35 of 1st period - Off-side.
13:36 of 1st period - Adam Henrique wins face-off versus Wayne Simmonds in neutral zone.
13:36 of 1st period - Alex Pietrangelo is hit by Wayne Simmonds and loses puck.
13:43 of 1st period - Shot by Wayne Simmonds.
13:43 of 1st period - Stopped by Henrik Lundqvist without a rebound.
13:44 of 1st period - Matt Duchene wins face-off versus Mark Scheifele in Canucks zone.
14:05 of 1st period - Off-side.
14:06 of 1st period - Evgeny Kuznetsov wins face-off versus Ryan OReilly in neutral zone.
14:13 of 1st period - Colton Parayko is hit by Evgeny Kuznetsov and loses puck.
14:43 of 1st period - Shot by Mark Scheifele.
14:43 of 1st period - Shot Blocked by Michael Matheson.
14:54 of 1st period - Nathan Beaulieu is hit by Erik Johnson and loses puck.
15:11 of 1st period - Shot by Brayden Point.
15:11 of 1st period - Shot Misses the Net.
15:14 of 1st period - Brayden Point is hit by Erik Johnson and loses puck.
15:57 of 1st period - Shot by Brandon Dubinsky.
15:57 of 1st period - Shot Misses the Net.
15:59 of 1st period - Shot by Brandon Dubinsky.
15:59 of 1st period - Stopped by Henrik Lundqvist with a rebound.
16:01 of 1st period - Shot by Travis Hamonic.
16:01 of 1st period - Deflect By Chris Kunitz.
16:01 of 1st period - Goal by Chris Kunitz - Ducks : 2 - Canucks : 1.
16:02 of 1st period - Evgeny Kuznetsov wins face-off versus Ryan OReilly in neutral zone.
17:27 of 1st period - Wayne Simmonds is hit by Ryan Strome.
19:01 of 1st period - Minor Penalty to Logan Shaw for Hooking.
19:02 of 1st period - Mark Scheifele wins face-off versus Matt Duchene in Canucks zone.
19:07 of 1st period - Shot by Patrick Marleau.
19:07 of 1st period - Stopped by Henrik Lundqvist without a rebound.
19:08 of 1st period - Matt Duchene wins face-off versus Mark Scheifele in Canucks zone.
19:19 of 1st period - Shot by Wayne Simmonds.
19:19 of 1st period - Shot Blocked by Evgeny Kuznetsov.
19:21 of 1st period - Shot by Colton Parayko.
19:21 of 1st period - Stopped by Henrik Lundqvist with a rebound.
19:23 of 1st period - Shot by Wayne Simmonds.
19:23 of 1st period - Stopped by Henrik Lundqvist without a rebound.
19:24 of 1st period - Ryan OReilly wins face-off versus Matt Duchene in Canucks zone.
19:33 of 1st period - Shot by Erik Johnson.
19:33 of 1st period - Stopped by Henrik Lundqvist without a rebound.
19:34 of 1st period - Ryan OReilly wins face-off versus Matt Duchene in Canucks zone.
19:41 of 1st period - Shot by Kris Letang.
19:41 of 1st period - Stopped by Henrik Lundqvist without a rebound.
19:42 of 1st period - Matt Duchene wins face-off versus Mark Scheifele in Canucks zone.
Goals for this period are 2 for Ducks vs 1 for Canucks.
Shots for this period are 23 for Ducks vs 7 for Canucks.

2nd period


0:01 of 2nd period - Wayne Simmonds wins face-off versus Matt Duchene in neutral zone.
1:24 of 2nd period - Shot by Brayden Point.
1:24 of 2nd period - Stopped by Craig Anderson with a rebound.
1:39 of 2nd period - Icing by Michael Matheson.
1:40 of 2nd period - Ryan OReilly wins face-off versus Brayden Point in Canucks zone.
3:05 of 2nd period - Shot by Evgeny Kuznetsov.
3:05 of 2nd period - Shot Misses the Net.
3:33 of 2nd period - Shot by Ryan Strome.
3:33 of 2nd period - Stopped by Craig Anderson with a rebound.
3:35 of 2nd period - Shot by Cody Ceci.
3:35 of 2nd period - Shot Misses the Net.
4:28 of 2nd period - Icing by Travis Hamonic.
4:29 of 2nd period - Brandon Dubinsky wins face-off versus Adam Henrique in Ducks zone.
4:29 of 2nd period - Brandon Dubinsky is hit by Adam Henrique.
5:04 of 2nd period - Adam Henrique is hit by Chris Kunitz and loses puck.
5:12 of 2nd period - Icing by Mattias Ekholm.
5:13 of 2nd period - Adam Henrique wins face-off versus Valtteri Filppula in Canucks zone.
5:37 of 2nd period - Shot by Mark Scheifele.
5:37 of 2nd period - Shot Misses the Net.
5:39 of 2nd period - Shot by Colton Parayko.
5:39 of 2nd period - Shot Blocked by Mattias Ekholm.
5:41 of 2nd period - Shot by Mark Scheifele.
5:41 of 2nd period - Stopped by Henrik Lundqvist without a rebound.
5:42 of 2nd period - Evgeny Kuznetsov wins face-off versus Wayne Simmonds in Canucks zone.
5:42 of 2nd period - Evgeny Kuznetsov is hit by Wayne Simmonds.
5:56 of 2nd period - Shot by Mark Scheifele.
5:56 of 2nd period - Shot Misses the Net.
5:58 of 2nd period - Shot by Mark Scheifele.
5:58 of 2nd period - Stopped by Henrik Lundqvist without a rebound.
5:59 of 2nd period - Brayden Point wins face-off versus Brandon Dubinsky in Canucks zone.
6:14 of 2nd period - Shot by Brayden Point.
6:14 of 2nd period - Shot Misses the Net.
6:22 of 2nd period - Shot by Marcus Kruger.
6:22 of 2nd period - Stopped by Craig Anderson with a rebound.
6:24 of 2nd period - Shot by Cody Ceci.
6:24 of 2nd period - Shot Blocked by Kris Letang.
6:56 of 2nd period - Shot by Jonathan Marchessault.
6:56 of 2nd period - Stopped by Craig Anderson with a rebound.
7:00 of 2nd period - Shot by Evgeny Kuznetsov.
7:00 of 2nd period - Shot Misses the Net.
7:14 of 2nd period - Shot by Evander Kane.
7:14 of 2nd period - Shot Misses the Net.
7:39 of 2nd period - Icing by Erik Karlsson.
7:40 of 2nd period - Ryan OReilly wins face-off versus Matt Duchene in Canucks zone.
7:47 of 2nd period - Shot by Ryan OReilly.
7:47 of 2nd period - Shot Misses the Net.
8:04 of 2nd period - Ryan OReilly is hit by Mattias Ekholm and loses puck.
8:39 of 2nd period - Shot by Anthony Beauvillier.
8:39 of 2nd period - Stopped by Craig Anderson without a rebound.
8:40 of 2nd period - Evander Kane wins face-off versus Valtteri Filppula in Ducks zone.
9:07 of 2nd period - Kris Letang is hit by Evander Kane and loses puck.
9:13 of 2nd period - Jonathan Marchessault is hit by Colton Parayko and loses puck.
9:51 of 2nd period - William Karlsson is hit by Kris Letang and loses puck.
10:04 of 2nd period - Valtteri Filppula is hit by Anthony Beauvillier and loses puck.
10:50 of 2nd period - Colton Parayko is hit by Chris Kreider and loses puck.
11:26 of 2nd period - Shot by Marcus Kruger.
11:26 of 2nd period - Shot Hit the Post.
11:38 of 2nd period - Shot by Boone Jenner.
11:38 of 2nd period - Shot Misses the Net.
11:40 of 2nd period - Shot by Erik Johnson.
11:40 of 2nd period - Shot Blocked by Alex Pietrangelo.
12:07 of 2nd period - Shot by Chris Kunitz.
12:07 of 2nd period - Shot Misses the Net.
12:09 of 2nd period - Shot by Matt Hunwick.
12:09 of 2nd period - Stopped by Henrik Lundqvist without a rebound.
12:10 of 2nd period - Brandon Dubinsky wins face-off versus Adam Henrique in Canucks zone.
12:11 of 2nd period - Shot by Chris Kunitz.
12:11 of 2nd period - Shot Misses the Net.
12:13 of 2nd period - Shot by Travis Hamonic.
12:13 of 2nd period - Stopped by Henrik Lundqvist without a rebound.
12:14 of 2nd period - Brandon Dubinsky wins face-off versus Adam Henrique in Canucks zone.
12:14 of 2nd period - Chris Kunitz is hit by Mattias Ekholm and loses puck.
13:11 of 2nd period - Shot by Chris Kreider.
13:11 of 2nd period - Shot Misses the Net.
13:51 of 2nd period - Shot by Evander Kane.
13:51 of 2nd period - Stopped by Craig Anderson without a rebound.
13:52 of 2nd period - Brandon Dubinsky wins face-off versus Brayden Point in Ducks zone.
13:52 of 2nd period - Brandon Dubinsky is hit by Marcus Kruger.
14:12 of 2nd period - Shot by Chris Kunitz.
14:12 of 2nd period - Stopped by Henrik Lundqvist without a rebound.
14:12 of 2nd period - Minor Penalty to Alex Pietrangelo for Roughing.
14:13 of 2nd period - Matt Duchene wins face-off versus Mark Scheifele in Canucks zone.
15:02 of 2nd period - Icing by Colton Parayko.
15:03 of 2nd period - Matt Duchene wins face-off versus Mark Scheifele in Ducks zone.
15:29 of 2nd period - Icing by Erik Johnson.
15:30 of 2nd period - Adam Henrique wins face-off versus Ryan OReilly in Ducks zone.
15:36 of 2nd period - Icing by Nikita Zaitsev.
15:37 of 2nd period - Ryan OReilly wins face-off versus Adam Henrique in Ducks zone.
15:43 of 2nd period - Shot by Nikita Zaitsev.
15:43 of 2nd period - Shot Misses the Net.
16:07 of 2nd period - Shot by Erik Johnson.
16:07 of 2nd period - Shot Misses the Net.
16:09 of 2nd period - Shot by Ryan OReilly.
16:09 of 2nd period - Stopped by Henrik Lundqvist without a rebound.
16:10 of 2nd period - Nick Ritchie wins face-off versus Matt Duchene in Canucks zone.
16:26 of 2nd period - Icing by Brandon Dubinsky.
16:27 of 2nd period - Matt Duchene wins face-off versus Brandon Dubinsky in Ducks zone.
16:30 of 2nd period - Shot by Ryan Strome.
16:30 of 2nd period - Shot Misses the Net.
17:22 of 2nd period - Shot by Mark Scheifele.
17:22 of 2nd period - Stopped by Henrik Lundqvist without a rebound.
17:23 of 2nd period - Evgeny Kuznetsov wins face-off versus Ryan OReilly in Canucks zone.
18:16 of 2nd period - Jonathan Marchessault is hit by Patrick Marleau and loses puck.
18:21 of 2nd period - Shot by Wayne Simmonds.
18:21 of 2nd period - Shot Misses the Net.
18:27 of 2nd period - Shot by Mark Scheifele.
18:27 of 2nd period - Shot Blocked by Evgeny Kuznetsov.
18:29 of 2nd period - Shot by Patrick Marleau.
18:29 of 2nd period - Shot Misses the Net.
18:31 of 2nd period - Shot by Erik Johnson.
18:31 of 2nd period - Shot Blocked by Evgeny Kuznetsov.
18:46 of 2nd period - Off-side.
18:47 of 2nd period - Adam Henrique wins face-off versus Brandon Dubinsky in neutral zone.
19:03 of 2nd period - Shot by Chris Kunitz.
19:03 of 2nd period - Stopped by Henrik Lundqvist without a rebound.
19:04 of 2nd period - Matt Duchene wins face-off versus Blake Comeau in Canucks zone.
19:09 of 2nd period - Boone Jenner is hit by Chris Kreider and loses puck.
19:23 of 2nd period - Minor Penalty to Chris Kreider for Tripping.
19:24 of 2nd period - Matt Duchene wins face-off versus Mark Scheifele in Canucks zone.
19:47 of 2nd period - Shot by Mark Scheifele.
19:47 of 2nd period - Shot Misses the Net.
19:49 of 2nd period - Shot by Erik Johnson.
19:49 of 2nd period - Stopped by Henrik Lundqvist without a rebound.
19:50 of 2nd period - Ryan OReilly wins face-off versus Adam Henrique in Canucks zone.
19:57 of 2nd period - Shot by Boone Jenner.
19:57 of 2nd period - Stopped by Henrik Lundqvist without a rebound.
19:58 of 2nd period - Ryan OReilly wins face-off versus Matt Duchene in Canucks zone.
Goals for this period are 0 for Ducks vs 0 for Canucks.
Shots for this period are 10 for Ducks vs 6 for Canucks.

3rd period


0:01 of 3rd period - Matt Duchene wins face-off versus Mark Scheifele in neutral zone.
1:04 of 3rd period - Shot by Ryan OReilly.
1:04 of 3rd period - Shot Hit the Post.
1:06 of 3rd period - Shot by Erik Johnson.
1:06 of 3rd period - Shot Blocked by Adam Henrique.
1:08 of 3rd period - Shot by Ryan OReilly.
1:08 of 3rd period - Stopped by Henrik Lundqvist without a rebound.
1:09 of 3rd period - Adam Henrique wins face-off versus Ryan OReilly in Canucks zone.
1:38 of 3rd period - Matt Hunwick is hit by Marcus Kruger and loses puck.
1:46 of 3rd period - Icing by Chris Kunitz.
1:47 of 3rd period - Adam Henrique wins face-off versus Brandon Dubinsky in Ducks zone.
2:09 of 3rd period - Off-side.
2:10 of 3rd period - Evgeny Kuznetsov wins face-off versus Wayne Simmonds in neutral zone.
3:12 of 3rd period - Shot by Chris Kreider.
3:12 of 3rd period - Stopped by Craig Anderson without a rebound.
3:13 of 3rd period - Adam Henrique wins face-off versus Ryan OReilly in Ducks zone.
3:19 of 3rd period - Icing by Erik Johnson.
3:20 of 3rd period - Ryan OReilly wins face-off versus Ryan Strome in Ducks zone.
3:20 of 3rd period - Ryan OReilly is hit by Chris Kreider.
4:47 of 3rd period - Shot by William Karlsson.
4:47 of 3rd period - Shot Misses the Net.
4:51 of 3rd period - Shot by Adam Henrique.
4:51 of 3rd period - Stopped by Craig Anderson without a rebound.
4:52 of 3rd period - Mark Scheifele wins face-off versus Evgeny Kuznetsov in Ducks zone.
5:25 of 3rd period - Minor Penalty to Wayne Simmonds for Holding.
5:26 of 3rd period - Evgeny Kuznetsov wins face-off versus Mark Scheifele in Ducks zone.
5:27 of 3rd period - Shot by Erik Karlsson.
5:27 of 3rd period - Shot Misses the Net.
5:29 of 3rd period - Shot by Erik Karlsson.
5:29 of 3rd period - Shot Blocked by Erik Johnson.
5:31 of 3rd period - Shot by Alex Pietrangelo.
5:31 of 3rd period - Stopped by Craig Anderson without a rebound.
5:32 of 3rd period - Matt Duchene wins face-off versus Mark Scheifele in Ducks zone.
5:49 of 3rd period - Shot by Evander Kane.
5:49 of 3rd period - Stopped by Craig Anderson without a rebound.
5:50 of 3rd period - Evgeny Kuznetsov wins face-off versus Mark Scheifele in Ducks zone.
6:13 of 3rd period - Shot by Evgeny Kuznetsov.
6:13 of 3rd period - Shot Misses the Net.
6:15 of 3rd period - Shot by Mattias Ekholm.
6:15 of 3rd period - Shot Misses the Net.
6:17 of 3rd period - Shot by Mattias Ekholm.
6:17 of 3rd period - Shot Blocked by Colton Parayko.
6:52 of 3rd period - Shot by Evander Kane.
6:52 of 3rd period - Deflect By Jonathan Marchessault.
6:52 of 3rd period - Shot Misses the Net.
6:54 of 3rd period - Shot by Alex Pietrangelo.
6:54 of 3rd period - Shot Misses the Net.
7:00 of 3rd period - Shot by Matt Duchene.
7:00 of 3rd period - Stopped by Craig Anderson without a rebound.
7:01 of 3rd period - Chris Kunitz wins face-off versus Matt Duchene in Ducks zone.
7:46 of 3rd period - Shot by Michael Matheson.
7:46 of 3rd period - Stopped by Craig Anderson with a rebound.
7:49 of 3rd period - Logan Shaw is hit by Matt Hunwick and loses puck.
7:58 of 3rd period - Michael Matheson is hit by Ryan OReilly.
9:55 of 3rd period - Shot by Mark Scheifele.
9:55 of 3rd period - Shot Misses the Net.
9:57 of 3rd period - Shot by Mark Scheifele.
9:57 of 3rd period - Shot Misses the Net.
10:12 of 3rd period - Minor Penalty to Wayne Simmonds for Tripping.
10:13 of 3rd period - Marcus Kruger wins face-off versus Mark Scheifele in Ducks zone.
10:20 of 3rd period - Shot by Evander Kane.
10:20 of 3rd period - Stopped by Craig Anderson with a rebound.
10:22 of 3rd period - Shot by Evander Kane.
10:22 of 3rd period - Stopped by Craig Anderson with a rebound.
10:24 of 3rd period - Shot by Jonathan Marchessault.
10:24 of 3rd period - Shot Misses the Net.
10:28 of 3rd period - Shot by Marcus Kruger.
10:28 of 3rd period - Deflect By Jonathan Marchessault.
10:28 of 3rd period - Shot Misses the Net.
10:30 of 3rd period - Shot by Michael Matheson.
10:30 of 3rd period - Stopped by Craig Anderson without a rebound.
10:31 of 3rd period - Evgeny Kuznetsov wins face-off versus Mark Scheifele in Ducks zone.
10:54 of 3rd period - Shot by Erik Karlsson.
10:54 of 3rd period - Stopped by Craig Anderson with a rebound.
12:25 of 3rd period - Shot by Brayden Point.
12:25 of 3rd period - Stopped by Craig Anderson without a rebound.
12:26 of 3rd period - Adam Henrique wins face-off versus Chris Kunitz in Ducks zone.
12:41 of 3rd period - Shot by Erik Karlsson.
12:41 of 3rd period - Shot Misses the Net.
12:43 of 3rd period - Shot by William Karlsson.
12:43 of 3rd period - Shot Misses the Net.
13:22 of 3rd period - Shot by Boone Jenner.
13:22 of 3rd period - Stopped by Henrik Lundqvist without a rebound.
13:23 of 3rd period - Ryan OReilly wins face-off versus Brayden Point in Canucks zone.
13:33 of 3rd period - Brayden Point is hit by Kris Letang and loses puck.
13:34 of 3rd period - Minor Penalty to Kris Letang for Roughing.
13:35 of 3rd period - Matt Duchene wins face-off versus Mark Scheifele in Ducks zone.
13:38 of 3rd period - Shot by Matt Duchene.
13:38 of 3rd period - Stopped by Craig Anderson with a rebound.
13:40 of 3rd period - Shot by Mattias Ekholm.
13:40 of 3rd period - Shot Misses the Net.
13:42 of 3rd period - Shot by Evander Kane.
13:42 of 3rd period - Shot Misses the Net.
13:44 of 3rd period - Shot by Cody Ceci.
13:44 of 3rd period - Shot Misses the Net.
13:46 of 3rd period - Shot by Mattias Ekholm.
13:46 of 3rd period - Stopped by Craig Anderson without a rebound.
13:47 of 3rd period - Mark Scheifele wins face-off versus Evander Kane in Ducks zone.
14:08 of 3rd period - Shot by Erik Karlsson.
14:08 of 3rd period - Stopped by Craig Anderson without a rebound.
14:09 of 3rd period - Mark Scheifele wins face-off versus Evgeny Kuznetsov in Ducks zone.
14:25 of 3rd period - Icing by Ryan Strome.
14:26 of 3rd period - Evgeny Kuznetsov wins face-off versus Mark Scheifele in Canucks zone.
14:41 of 3rd period - Shot by Mattias Ekholm.
14:41 of 3rd period - Shot Misses the Net.
14:43 of 3rd period - Shot by Evgeny Kuznetsov.
14:43 of 3rd period - Shot Blocked by Erik Johnson.
14:45 of 3rd period - Shot by Evgeny Kuznetsov.
14:45 of 3rd period - Shot Blocked by Patrick Marleau.
15:28 of 3rd period - Shot by Alex Pietrangelo.
15:28 of 3rd period - Shot Blocked by Travis Hamonic.
15:30 of 3rd period - Shot by Alex Pietrangelo.
15:30 of 3rd period - Stopped by Craig Anderson without a rebound.
15:31 of 3rd period - Ryan OReilly wins face-off versus Matt Duchene in Ducks zone.
16:01 of 3rd period - Shot by Boone Jenner.
16:01 of 3rd period - Stopped by Henrik Lundqvist without a rebound.
16:02 of 3rd period - Adam Henrique wins face-off versus Brandon Dubinsky in Canucks zone.
16:07 of 3rd period - Brandon Dubinsky is hit by Anthony Beauvillier and loses puck.
16:31 of 3rd period - Minor Penalty to Travis Hamonic for Slashing.
16:32 of 3rd period - Mark Scheifele wins face-off versus Matt Duchene in Ducks zone.
16:53 of 3rd period - Shot by Mark Scheifele.
16:53 of 3rd period - Deflect By Patrick Marleau.
16:53 of 3rd period - Stopped by Henrik Lundqvist without a rebound.
16:54 of 3rd period - Evgeny Kuznetsov wins face-off versus Mark Scheifele in Canucks zone.
17:15 of 3rd period - Shot by Adam Henrique.
17:15 of 3rd period - Stopped by Craig Anderson without a rebound.
17:16 of 3rd period - Matt Duchene wins face-off versus Ryan OReilly in Ducks zone.
17:46 of 3rd period - Shot by Evander Kane.
17:46 of 3rd period - Stopped by Craig Anderson without a rebound.
17:47 of 3rd period - Mark Scheifele wins face-off versus Evgeny Kuznetsov in Ducks zone.
17:54 of 3rd period - Shot by Mattias Ekholm.
17:54 of 3rd period - Shot Blocked by Nikita Zaitsev.
17:56 of 3rd period - Shot by Mattias Ekholm.
17:56 of 3rd period - Stopped by Craig Anderson without a rebound.
17:57 of 3rd period - Mark Scheifele wins face-off versus Evgeny Kuznetsov in Ducks zone.
18:09 of 3rd period - Ryan Strome is hit by Brandon Dubinsky.
18:14 of 3rd period - Evgeny Kuznetsov is hit by Erik Johnson and loses puck.
18:58 of 3rd period - Shot by Nathan Beaulieu.
18:58 of 3rd period - Shot Misses the Net.
19:00 of 3rd period - Canucks, Henrik Lundqvist is pulled from the net.
19:05 of 3rd period - Brayden Point is hit by Matt Hunwick and loses puck.
19:17 of 3rd period - Icing by Travis Hamonic.
19:18 of 3rd period - Evander Kane wins face-off versus Ryan OReilly in Ducks zone.
19:26 of 3rd period - Jonathan Marchessault is hit by Matt Hunwick and loses puck.
19:34 of 3rd period - Icing by Erik Karlsson.
19:35 of 3rd period - Henrik Lundqvist from Canucks was sent back in the game.
19:35 of 3rd period - Matt Duchene wins face-off versus Mark Scheifele in Canucks zone.
19:35 of 3rd period - Matt Duchene is hit by Wayne Simmonds.
19:49 of 3rd period - Shot by Mark Scheifele.
19:49 of 3rd period - Shot Hit the Post.
19:55 of 3rd period - Shot by Mark Scheifele.
19:55 of 3rd period - Stopped by Henrik Lundqvist without a rebound.
19:56 of 3rd period - Matt Duchene wins face-off versus Wayne Simmonds in Canucks zone.
19:56 of 3rd period - Matt Duchene is hit by Wayne Simmonds.
Goals for this period are 0 for Ducks vs 0 for Canucks.
Shots for this period are 5 for Ducks vs 18 for Canucks.